[Event "European Womens-ch 2025"]
[Site "Rhodes"]
[Date "2025.04.07"]
[Round "7.20"]
[White "Guichard, Pauline"]
[Black "Ibrahimova, Sabina"]
[Result "1/2-1/2"]
[Annotator "RC"]
[ECO "D50"]
[WhiteElo "2355"]
[BlackElo "2199"]
[PlyCount "128"]
[EventDate "2025.03.29"]
[EventType "swiss"]
[EventCountry "GRE"]
[SourceTitle "playchess.com"]
[Source "ChessBase"]
[SourceQuality "1"]
[TimeControl "40/5400+30:1800+30"]

1. d4 d5 2. c4 e6 3. Nc3 c5 4. Nf3 Nf6 5. cxd5 cxd4 6. Qxd4 exd5 7. Bg5 Be7 8. e3 O-O 9. Be2 Nc6 10. Qd1 h6 11. Bh4 Be6 12. O-O Qb6 13. Bxf6 Bxf6 14. Nxd5 Bxd5 15. Qxd5 Qxb2 16. Bc4 Rad8 17. Qf5 Qc3 18. Rac1 Qa5 19. Qb1 Rb8 20. Rfd1 Rfd8 21. Rxd8+ Qxd8 22. Qb3 Qe7 23. Bd5 Ne5 24. Nxe5 Bxe5 25. a4 b6 26. Rc6 Rd8 27. g3 Bd6 28. e4 g6 29. Qc3 Kh7 30. Kg2 h5 31. h4 Be5 32. Qc4 Kg7 33. f4 Bd6 34. Qd4+ Kh7 35. Qc4 Kg7 36. Qd4+ Kh7 37. Qf2 Bc5 38. Qa2 Kg7 39. Qb2+ Kh7 40. Rf6 Rxd5 41. exd5 Qe4+ 42. Kh2 Bd4 43. Rxf7+ Kg8 44. Re7 Qxe7 45. Qxd4 Qe2+ 46. Kg1 Qe1+ 47. Kg2 Qe2+ 48. Qf2 Qe4+ 49. Qf3 Qc2+ 50. Kh1 Qc1+ 51. Kh2 Qc2+ 52. Qg2 Qxa4 53. d6 Qd7 54. Qd5+ Kg7 55. Kg2 Kf6 56. Kf2 b5 57. Qd4+ Kf7 58. Qd5+ Kf6 59. Qd4+ Kf7 60. Qd5+ Kf6 61. Qg5+ Kf7 62. Qd5+ Kf6 63. Qd4+ Kf7 64. Qd5+ Kf6 1/2-1/2

[Event "European Womens-ch 2025"]
[Site "Rhodes"]
[Date "2025.04.07"]
[Round "7.21"]
[White "Jarocka, Liwia"]
[Black "Gaponenko, Inna"]
[Result "1-0"]
[Annotator "RC"]
[ECO "B03"]
[WhiteElo "2231"]
[BlackElo "2349"]
[PlyCount "173"]
[EventDate "2025.03.29"]
[EventType "swiss"]
[EventCountry "GRE"]
[SourceTitle "playchess.com"]
[Source "ChessBase"]
[SourceQuality "1"]
[TimeControl "40/5400+30:1800+30"]

1. e4 Nf6 2. e5 Nd5 3. d4 d6 4. c4 Nb6 5. exd6 exd6 6. h3 Be7 7. Nf3 Bf5 8. Bd3 Bxd3 9. Qxd3 Nc6 10. O-O O-O 11. b3 Bf6 12. Nc3 d5 13. c5 Nc8 14. Bf4 N8e7 15. Rad1 Ng6 16. Bh2 Re8 17. b4 a6 18. Qb1 Qd7 19. b5 Na5 20. Qb4 axb5 21. Nxb5 Rec8 22. Rfe1 Nc4 23. Nc3 c6 24. a4 Bd8 25. Qb3 Ba5 26. Ra1 Bxc3 27. Qxc3 Ra6 28. Reb1 Rca8 29. Rb4 Nf8 30. Rab1 R8a7 31. Bb8 Ra8 32. Rxb7 Qf5 33. Ne5 Rxa4 34. Nxc6 Qg5 35. Qg3 Qxg3 36. Bxg3 h5 37. Ne7+ Kh7 38. Nxd5 Nd2 39. Re1 h4 40. Bxh4 Rxd4 41. Nb6 Ra5 42. Bg5 Ne4 43. Be3 Nxc5 44. Rxf7 Rd8 45. Bxc5 Rxc5 46. Rxf8 Rxf8 47. Nd7 Rcf5 48. Nxf8+ Rxf8 49. Re6 Rf4 50. g4 Kg8 51. Kg2 Kf7 52. Rb6 Ra4 53. Kg3 Ra3+ 54. f3 g5 55. Rh6 Kg7 56. Rh5 Kg6 57. h4 gxh4+ 58. Rxh4 Rb3 59. Rh8 Ra3 60. Rb8 Rc3 61. Rb6+ Kg5 62. Rb5+ Kg6 63. Re5 Kf6 64. Re8 Kg5 65. Rd8 Ra3 66. Rd5+ Kg6 67. Kf4 Ra4+ 68. Ke3 Ra3+ 69. Rd3 Ra4 70. f4 Ra6 71. Kf3 Rb6 72. Kg3 Ra6 73. Kh4 Rb6 74. Rd5 Ra6 75. f5+ Kg7 76. Kg5 Ra7 77. Rd6 Rb7 78. Kh5 Rb1 79. Rg6+ Kh7 80. Kg5 Rb7 81. Rh6+ Kg7 82. f6+ Kg8 83. Rh2 Rb4 84. Ra2 Rb7 85. Re2 Rb5+ 86. Kg6 Kf8 87. Rh2 1-0

[Event "European Womens-ch 2025"]
[Site "Rhodes"]
[Date "2025.04.07"]
[Round "7.22"]
[White "Sandu, Mihaela"]
[Black "Zhukova, Natalia"]
[Result "1/2-1/2"]
[Annotator "RC"]
[ECO "C84"]
[WhiteElo "2230"]
[BlackElo "2306"]
[PlyCount "138"]
[EventDate "2025.03.29"]
[EventType "swiss"]
[EventCountry "GRE"]
[SourceTitle "playchess.com"]
[Source "ChessBase"]
[SourceQuality "1"]
[TimeControl "40/5400+30:1800+30"]

1. e4 e5 2. Nf3 Nc6 3. Bb5 a6 4. Ba4 Nf6 5. O-O b5 6. Bb3 Bb7 7. d3 Be7 8. c4 O-O 9. Nc3 bxc4 10. Bxc4 d6 11. a3 Na5 12. Ba2 c5 13. Bg5 Nc6 14. Rb1 a5 15. Bxf6 Bxf6 16. Bd5 Rb8 17. Nd2 Nd4 18. Bxb7 Rxb7 19. Nd5 Bg5 20. Nf3 Nxf3+ 21. Qxf3 Qb8 22. Qg4 Bh6 23. h4 Kh8 24. Qe2 Rb3 25. Qc2 Qb7 26. Qc4 Rxb2 27. Rxb2 Qxb2 28. Qa6 Qb8 29. Qxa5 f5 30. Qb6 fxe4 31. dxe4 g6 32. a4 Bd2 33. Rd1 Qxb6 34. Nxb6 Bc3 35. Nc4 Bd4 36. Rd2 Rb8 37. Rc2 Rb1+ 38. Kh2 Ra1 39. a5 Kg7 40. g3 Kf6 41. Nxd6 Rxa5 42. Nc4 Ra6 43. Kg2 Ke6 44. f4 exf4 45. gxf4 Ra1 46. Nd2 Re1 47. Ra2 Re2+ 48. Kf3 Re3+ 49. Kg2 Kd7 50. Ra7+ Kc6 51. Nc4 Rxe4 52. Kf3 Re1 53. Rxh7 Rc1 54. Ne5+ Bxe5 55. fxe5 Kd5 56. Kf4 Rf1+ 57. Kg5 Kxe5 58. Kxg6 Rg1+ 59. Kh6 c4 60. Rc7 Kd4 61. h5 c3 62. Kh7 Kd3 63. h6 c2 64. Kh8 c1=Q 65. Rxc1 Rxc1 66. h7 Rc8+ 67. Kg7 Rc7+ 68. Kg8 Rxh7 69. Kxh7 Kd4 1/2-1/2

[Event "European Womens-ch 2025"]
[Site "Rhodes"]
[Date "2025.04.07"]
[Round "7.23"]
[White "Rudzinska, Michalina"]
[Black "Unuk, Laura"]
[Result "0-1"]
[Annotator "RC"]
[ECO "C45"]
[WhiteElo "2223"]
[BlackElo "2301"]
[PlyCount "52"]
[EventDate "2025.03.29"]
[EventType "swiss"]
[EventCountry "GRE"]
[SourceTitle "playchess.com"]
[Source "ChessBase"]
[SourceQuality "1"]
[TimeControl "40/5400+30:1800+30"]

1. e4 e5 2. Nf3 Nc6 3. d4 exd4 4. Nxd4 Nf6 5. Nxc6 bxc6 6. Bd3 d5 7. exd5 cxd5 8. O-O Be7 9. h3 O-O 10. Re1 Bb7 11. b3 Ne4 12. Bb2 Bf6 13. c3 Re8 14. Qc2 Qd6 15. Bxe4 dxe4 16. Na3 e3 17. fxe3 Bh4 18. Re2 Be4 19. Qd1 Qg3 20. Qd7 Bf3 21. Rc2 Rad8 22. Qf5 Be4 23. Qg4 Bxc2 24. Qxg3 Bxg3 25. Nxc2 Rd2 26. Rc1 Red8 0-1

[Event "European Womens-ch 2025"]
[Site "Rhodes"]
[Date "2025.04.07"]
[Round "7.24"]
[White "Heinemann, Josefine"]
[Black "Terbe, Zsuzsanna"]
[Result "1/2-1/2"]
[Annotator "RC"]
[ECO "D11"]
[WhiteElo "2297"]
[BlackElo "2179"]
[PlyCount "77"]
[EventDate "2025.03.29"]
[EventType "swiss"]
[EventCountry "GRE"]
[SourceTitle "playchess.com"]
[Source "ChessBase"]
[SourceQuality "1"]
[TimeControl "40/5400+30:1800+30"]

1. c4 c6 2. d4 d5 3. Nf3 Nf6 4. g3 Bf5 5. Nc3 e6 6. Qb3 Qb6 7. c5 Qxb3 8. axb3 Be7 9. b4 O-O 10. Nh4 Bc2 11. Kd2 Bb3 12. e3 Ne4+ 13. Ke1 g5 14. Nf3 Bc2 15. Ne5 f6 16. Nd3 a6 17. f3 Nxc3 18. bxc3 Nd7 19. Kd2 Bxd3 20. Bxd3 f5 21. Ke2 Nf6 22. Bd2 g4 23. fxg4 Nxg4 24. h3 Nf6 25. g4 Ne4 26. Rhg1 Kh8 27. Raf1 Bh4 28. Bxe4 fxe4 29. Rxf8+ Rxf8 30. Rf1 Rxf1 31. Kxf1 Bg3 32. Be1 Bc7 33. h4 h5 34. Kg2 Kh7 35. Kh3 Kg6 36. Bg3 Bd8 37. Be1 Bc7 38. Bg3 Bd8 39. Be1 1/2-1/2

[Event "European Womens-ch 2025"]
[Site "Rhodes"]
[Date "2025.04.07"]
[Round "7.25"]
[White "Prado Acebo, Ines"]
[Black "Radeva, Viktoria"]
[Result "0-1"]
[Annotator "RC"]
[ECO "D38"]
[WhiteElo "2199"]
[BlackElo "2297"]
[PlyCount "52"]
[EventDate "2025.03.29"]
[EventType "swiss"]
[EventCountry "GRE"]
[SourceTitle "playchess.com"]
[Source "ChessBase"]
[SourceQuality "1"]
[TimeControl "40/5400+30:1800+30"]

1. d4 d5 2. c4 e6 3. Nc3 Nf6 4. Nf3 Bb4 5. cxd5 exd5 6. Bg5 h6 7. Bh4 g5 8. Bg3 Ne4 9. Nd2 Nxg3 10. hxg3 c6 11. a3 Bxc3 12. bxc3 Bf5 13. c4 Qa5 14. cxd5 cxd5 15. Qb3 Nd7 16. Rc1 O-O 17. Rxh6 Rfc8 18. Ra1 Rc3 19. Qb4 Qc7 20. e3 Rc1+ 21. Rxc1 Qxc1+ 22. Ke2 Bc2 23. e4 Kg7 24. Qxb7 Bd1+ 25. Ke3 Qc3+ 26. Bd3 Bc2 0-1

[Event "European Womens-ch 2025"]
[Site "Rhodes"]
[Date "2025.04.07"]
[Round "7.26"]
[White "Doluhanova, Evgeniya"]
[Black "Calzetta Ruiz, Monica"]
[Result "1-0"]
[Annotator "RC"]
[ECO "D06"]
[WhiteElo "2287"]
[BlackElo "2230"]
[PlyCount "78"]
[EventDate "2025.03.29"]
[EventType "swiss"]
[EventCountry "GRE"]
[SourceTitle "playchess.com"]
[Source "ChessBase"]
[SourceQuality "1"]
[TimeControl "40/5400+30:1800+30"]

1. d4 d5 2. Nf3 c5 3. c4 Nf6 4. cxd5 cxd4 5. Nxd4 Nxd5 6. e4 Nf6 7. Bb5+ Bd7 8. Bxd7+ Nbxd7 9. Nc3 g6 10. O-O Bg7 11. Re1 e5 12. Nb3 O-O 13. Be3 Qe7 14. Qe2 Rfc8 15. Red1 Qb4 16. f3 Bf8 17. Kf1 Nb6 18. Bg5 Be7 19. Nc1 Kg7 20. Nd3 Qa5 21. Rac1 h6 22. Bh4 Rc6 23. Be1 Nbd7 24. Nd5 Qd8 25. Rxc6 bxc6 26. Nxf6 Kxf6 27. Nxe5 Nxe5 28. Rxd8 Rxd8 29. Bc3 Ke6 30. Bxe5 Kxe5 31. Qc4 Rd1+ 32. Ke2 Rb1 33. Qc3+ Ke6 34. Qxc6+ Bd6 35. e5 Rxb2+ 36. Kd3 Rb6 37. Qe8+ Be7 38. f4 Rb4 39. Qc8+ Kd5 1-0

[Event "European Womens-ch 2025"]
[Site "Rhodes"]
[Date "2025.04.07"]
[Round "7.27"]
[White "Rodshtein, Tereza"]
[Black "Mkrtchyan, Mariam"]
[Result "1-0"]
[Annotator "RC"]
[ECO "C47"]
[WhiteElo "2171"]
[BlackElo "2282"]
[PlyCount "53"]
[EventDate "2025.03.29"]
[EventType "swiss"]
[EventCountry "GRE"]
[SourceTitle "playchess.com"]
[Source "ChessBase"]
[SourceQuality "1"]
[TimeControl "40/5400+30:1800+30"]

1. e4 e5 2. Nf3 Nc6 3. d4 exd4 4. Nxd4 Nf6 5. Nc3 Bc5 6. Nxc6 bxc6 7. Bd3 d6 8. Bg5 h6 9. Bh4 a5 10. h3 O-O 11. O-O Re8 12. Kh1 g5 13. Bg3 Bd4 14. f4 g4 15. Bh4 gxh3 16. Qf3 Bg4 17. Qg3 hxg2+ 18. Qxg2 Qd7 19. Ne2 Bxb2 20. Rab1 Kf8 21. Rg1 Nxe4 22. Bxe4 Rxe4 23. Qxe4 Re8 24. Qd3 c5 25. Rxb2 Qc6+ 26. Kh2 Rxe2+ 27. Qxe2 1-0

[Event "European Womens-ch 2025"]
[Site "Rhodes"]
[Date "2025.04.07"]
[Round "7.28"]
[White "Tirpan, Ceren"]
[Black "Avramidou, Anastasia"]
[Result "0-1"]
[Annotator "RC"]
[ECO "A36"]
[WhiteElo "1996"]
[BlackElo "2275"]
[PlyCount "82"]
[EventDate "2025.03.29"]
[EventType "swiss"]
[EventCountry "GRE"]
[SourceTitle "playchess.com"]
[Source "ChessBase"]
[SourceQuality "1"]
[TimeControl "40/5400+30:1800+30"]

1. c4 Nf6 2. Nc3 g6 3. g3 Bg7 4. Bg2 d6 5. e4 O-O 6. Nge2 c5 7. O-O Nc6 8. d3 Rb8 9. Rb1 b6 10. h3 Ne8 11. Be3 Nc7 12. d4 Ba6 13. d5 Ne5 14. b3 b5 15. f4 Nd7 16. cxb5 Nxb5 17. Nxb5 Bxb5 18. Qd2 Qb6 19. Rfd1 Rfc8 20. Nc3 Ba6 21. b4 cxb4 22. Bxb6 bxc3 23. Qc2 Nxb6 24. e5 dxe5 25. d6 exd6 26. Rxd6 exf4 27. gxf4 Re8 28. Be4 Bc8 29. a4 Bxh3 30. Rb5 Rbc8 31. Bd3 Nc4 32. Bxc4 Rxc4 33. Rbd5 Rcc8 34. f5 Bxf5 35. Rxf5 gxf5 36. Rd7 Re6 37. Qxf5 Rg6+ 38. Kh2 c2 39. Qxf7+ Kh8 40. Qe7 Rh6+ 41. Kg2 Bf6 0-1

[Event "European Womens-ch 2025"]
[Site "Rhodes"]
[Date "2025.04.07"]
[Round "7.29"]
[White "Fataliyeva, Ulviyya"]
[Black "Pavlidou, Ekaterini"]
[Result "1/2-1/2"]
[Annotator "RC"]
[ECO "A35"]
[WhiteElo "2387"]
[BlackElo "2160"]
[PlyCount "87"]
[EventDate "2025.03.29"]
[EventType "swiss"]
[EventCountry "GRE"]
[SourceTitle "playchess.com"]
[Source "ChessBase"]
[SourceQuality "1"]
[TimeControl "40/5400+30:1800+30"]

1. Nf3 c5 2. c4 Nc6 3. Nc3 g6 4. e3 Bg7 5. d4 d6 6. Be2 Bg4 7. O-O Nh6 8. Qb3 Qc8 9. dxc5 dxc5 10. h3 Bd7 11. e4 f6 12. e5 fxe5 13. Ne4 Nf5 14. Be3 b6 15. Qd1 O-O 16. Bd3 h6 17. Nc3 e6 18. Nd2 Ncd4 19. Rb1 Bc6 20. Be4 Bxe4 21. Ncxe4 Qc6 22. Qg4 Kh7 23. h4 Rad8 24. Kh2 Nc2 25. h5 Qe8 26. hxg6+ Qxg6 27. Qe2 Ncd4 28. Qd1 Nh4 29. Ng3 Nc2 30. Qe2 Qd3 31. Nde4 Qxe2 32. Nxe2 Nf5 33. Bc1 Rd7 34. b3 Rfd8 35. N2c3 Nb4 36. a3 Nc6 37. g4 Nfe7 38. Kg3 Rd3+ 39. Be3 Kg6 40. Rh1 Nf5+ 41. gxf5+ exf5 42. Kh2 fxe4 43. Nxe4 Ne7 44. Rhg1+ 1/2-1/2

[Event "European Womens-ch 2025"]
[Site "Rhodes"]
[Date "2025.04.07"]
[Round "7.30"]
[White "Atalik, Ekaterina"]
[Black "Yildiz, Elif Zeren"]
[Result "1/2-1/2"]
[Annotator "RC"]
[ECO "E49"]
[WhiteElo "2375"]
[BlackElo "2160"]
[PlyCount "125"]
[EventDate "2025.03.29"]
[EventType "swiss"]
[EventCountry "GRE"]
[SourceTitle "playchess.com"]
[Source "ChessBase"]
[SourceQuality "1"]
[TimeControl "40/5400+30:1800+30"]

1. d4 Nf6 2. c4 e6 3. Nc3 Bb4 4. e3 O-O 5. Bd3 c5 6. Nge2 d5 7. a3 Bxc3+ 8. bxc3 dxc4 9. Bxc4 Qc7 10. Qd3 Nc6 11. e4 e5 12. d5 Na5 13. Ba2 c4 14. Qc2 Nd7 15. O-O Nc5 16. Ng3 Nd3 17. Be3 Bd7 18. Qd2 b5 19. Rad1 Qd6 20. Bb1 Nb3 21. Qa2 Nbc5 22. Bc2 a6 23. Ra1 Rac8 24. Rab1 g6 25. Bh6 Rfe8 26. Bxd3 Nxd3 27. Qd2 Nf4 28. Rfe1 Nd3 29. Rf1 Nf4 30. f3 f5 31. exf5 Bxf5 32. Ne4 Qb6+ 33. Kh1 Rcd8 34. Bxf4 exf4 35. Rfe1 Re5 36. Qxf4 Rexd5 37. h4 Bxe4 38. Rxe4 Rf5 39. Qg3 Qd6 40. Qxd6 Rxd6 41. Rbe1 Rd3 42. Re6 Rxc3 43. Rxa6 Rb3 44. Re7 Rf7 45. Re8+ Kg7 46. Rc8 Rf4 47. Kh2 Rxh4+ 48. Kg3 Rd4 49. Rc7+ Kh6 50. Raa7 Kg5 51. Rxh7 c3 52. Rhc7 Rc4 53. Rxc4 bxc4 54. Ra4 Kf5 55. Rxc4 Rxa3 56. Rc5+ Ke6 57. Kf4 Ra2 58. g4 c2 59. Ke4 Ra4+ 60. Kd3 Ra3+ 61. Ke4 Ra4+ 62. Ke3 Ra2 63. Ke4 1/2-1/2

[Event "European Womens-ch 2025"]
[Site "Rhodes"]
[Date "2025.04.07"]
[Round "7.31"]
[White "Zaksaite, Salomeja"]
[Black "Sliwicka, Alicja"]
[Result "1/2-1/2"]
[Annotator "RC"]
[ECO "E60"]
[WhiteElo "2137"]
[BlackElo "2342"]
[PlyCount "111"]
[EventDate "2025.03.29"]
[EventType "swiss"]
[EventCountry "GRE"]
[SourceTitle "playchess.com"]
[Source "ChessBase"]
[SourceQuality "1"]
[TimeControl "40/5400+30:1800+30"]

1. d4 Nf6 2. Nf3 g6 3. e3 Bg7 4. Be2 O-O 5. O-O d6 6. b3 e5 7. dxe5 Ng4 8. Bb2 Nc6 9. c4 Ngxe5 10. Qd2 Bf5 11. Nc3 h5 12. Nxe5 dxe5 13. Qxd8 Rfxd8 14. Nd5 Rd7 15. Rfd1 Rad8 16. Kf1 Be4 17. Nc3 Bf5 18. Rxd7 Rxd7 19. Rd1 Rxd1+ 20. Bxd1 e4 21. Na4 Bxb2 22. Nxb2 Be6 23. Na4 f5 24. Nc3 a6 25. f3 exf3 26. Bxf3 Nd8 27. Ke2 h4 28. Kd3 Kf7 29. Kd4 Kf6 30. e4 Nc6+ 31. Ke3 Ne7 32. exf5 Nxf5+ 33. Kd3 c6 34. Ne4+ Ke5 35. Ng5 Bd7 36. c5 Be8 37. Bg4 Ne7 38. h3 Nd5 39. Nf3+ Kf4 40. Nxh4 Nb4+ 41. Kd4 Nxa2 42. Bc8 Nb4 43. Bxb7 Kg3 44. Nf3 Kxg2 45. Ng5 Bd7 46. Ke5 Bf5 47. Kd6 Bc2 48. Bxc6+ Nxc6 49. Kxc6 Bxb3 50. Kb6 Bd5 51. c6 Bxc6 52. Kxc6 Kg3 53. Kb6 Kh4 54. Nh7 Kxh3 55. Kxa6 g5 56. Nxg5+ 1/2-1/2

[Event "European Womens-ch 2025"]
[Site "Rhodes"]
[Date "2025.04.07"]
[Round "7.32"]
[White "Cornileau, Juliette"]
[Black "Brunello, Marina"]
[Result "1/2-1/2"]
[Annotator "RC"]
[ECO "A42"]
[WhiteElo "2130"]
[BlackElo "2330"]
[PlyCount "85"]
[EventDate "2025.03.29"]
[EventType "swiss"]
[EventCountry "GRE"]
[SourceTitle "playchess.com"]
[Source "ChessBase"]
[SourceQuality "1"]
[TimeControl "40/5400+30:1800+30"]

1. e4 d6 2. d4 g6 3. c4 Bg7 4. Nc3 Nd7 5. Be2 e5 6. Nf3 exd4 7. Nxd4 Ngf6 8. O-O O-O 9. f3 c6 10. Be3 h6 11. Qd2 Kh7 12. Rad1 Re8 13. Nc2 Re6 14. Nd4 Re8 15. Nc2 Bf8 16. b4 Qc7 17. h3 Nh5 18. f4 Ng3 19. Rf3 Nxe4 20. Nxe4 Rxe4 21. f5 g5 22. Bd3 Rh4 23. f6+ Kh8 24. Bxg5 hxg5 25. Qxg5 Rh6 26. Rg3 Nxf6 27. Rf1 Ng4 28. hxg4 d5 29. Rf6 Rxf6 30. Qxf6+ Bg7 31. Rh3+ Kg8 32. Qg5 Be6 33. Nd4 Re8 34. Nxe6 Rxe6 35. Rf3 Re5 36. Qh4 Qe7 37. Qxe7 Rxe7 38. cxd5 cxd5 39. Rf5 d4 40. Rd5 Be5 41. g3 Kg7 42. Kg2 Bxg3 43. Rxd4 1/2-1/2

[Event "European Womens-ch 2025"]
[Site "Rhodes"]
[Date "2025.04.07"]
[Round "7.33"]
[White "Koridze, Lile"]
[Black "Zawadzka, Jolanta"]
[Result "0-1"]
[Annotator "RC"]
[ECO "D34"]
[WhiteElo "2115"]
[BlackElo "2326"]
[PlyCount "112"]
[EventDate "2025.03.29"]
[EventType "swiss"]
[EventCountry "GRE"]
[SourceTitle "playchess.com"]
[Source "ChessBase"]
[SourceQuality "1"]
[TimeControl "40/5400+30:1800+30"]

1. d4 d5 2. c4 e6 3. Nf3 c5 4. cxd5 exd5 5. g3 Nc6 6. Bg2 c4 7. O-O Nf6 8. Nc3 Be7 9. Ne5 O-O 10. Bg5 Be6 11. Qd2 h6 12. Be3 Bb4 13. Rad1 Ne7 14. Qc2 a6 15. Bf4 Bf5 16. Qc1 b5 17. a3 Ba5 18. Na2 Ne8 19. e4 dxe4 20. d5 Nf6 21. d6 Ng6 22. Nc6 Qb6 23. Nxa5 Qxa5 24. Nb4 Bg4 25. Rd4 Qb6 26. Be3 Qb7 27. Qd2 Rad8 28. Nd5 Nxd5 29. Bxe4 Rxd6 30. Rxd5 Rxd5 31. Bxd5 Qd7 32. f3 Be6 33. Be4 Qxd2 34. Bxd2 f5 35. Bb7 Rb8 36. Re1 Kf7 37. Bxa6 Rb6 38. Rxe6 Kxe6 39. Bc8+ Kf7 40. Bxf5 Ne5 41. Be4 Rd6 42. Bc3 Nd3 43. Kf1 g5 44. Ke2 Nc5 45. h3 Nxe4 46. fxe4 Rd3 47. Kf2 h5 48. e5 Ke6 49. Kg2 g4 50. hxg4 hxg4 51. Kf2 Kd5 52. Kg2 Re3 53. Kf2 Ke4 54. Kg2 Re2+ 55. Kg1 Kf3 56. Kf1 Re4 0-1

[Event "European Womens-ch 2025"]
[Site "Rhodes"]
[Date "2025.04.07"]
[Round "7.34"]
[White "Antolak, Julia"]
[Black "Eric, Jovana"]
[Result "1/2-1/2"]
[Annotator "RC"]
[ECO "C03"]
[WhiteElo "2314"]
[BlackElo "2147"]
[PlyCount "118"]
[EventDate "2025.03.29"]
[EventType "swiss"]
[EventCountry "GRE"]
[SourceTitle "playchess.com"]
[Source "ChessBase"]
[SourceQuality "1"]
[TimeControl "40/5400+30:1800+30"]

1. e4 e6 2. d4 d5 3. Nd2 h6 4. Bd3 c5 5. dxc5 Bxc5 6. Ngf3 Nf6 7. Qe2 Nc6 8. a3 O-O 9. O-O Bb6 10. e5 Nd7 11. c4 Bc7 12. b4 Ncxe5 13. Bc2 Qf6 14. Bb2 Qf4 15. cxd5 exd5 16. Nxe5 Nxe5 17. Bxe5 Qxe5 18. Qxe5 Bxe5 19. Rad1 Be6 20. Nf3 Bb2 21. a4 Rfd8 22. Bb3 Rac8 23. Rd3 Rc3 24. Rfd1 Rxd3 25. Rxd3 Rc8 26. Kf1 Rc3 27. Ke2 Kf8 28. Nd4 Ke7 29. Nxe6 fxe6 30. Rxc3 Bxc3 31. b5 g5 32. g4 Kd6 33. Kd3 Bf6 34. Bd1 Ke5 35. h3 Kf4 36. Be2 Bd8 37. Bd1 Bb6 38. Ke2 Bc5 39. Bc2 b6 40. Bg6 e5 41. f3 e4 42. fxe4 dxe4 43. Bh7 e3 44. Bc2 Kg3 45. Bd1 Kxh3 46. Kd3 Kg3 47. Be2 Kf2 48. Bd1 Bd6 49. Be2 Bf4 50. Bd1 Kg3 51. Ke4 Kf2 52. Kd3 Be5 53. Be2 Bg7 54. Bd1 h5 55. gxh5 Bh6 56. Be2 Kg2 57. Ke4 Kf2 58. Kd3 Kg2 59. Ke4 Kf2 1/2-1/2

[Event "European Womens-ch 2025"]
[Site "Rhodes"]
[Date "2025.04.07"]
[Round "7.35"]
[White "Yao, Lan"]
[Black "Chelushkina, Irina"]
[Result "1-0"]
[Annotator "RC"]
[ECO "C02"]
[WhiteElo "2294"]
[BlackElo "2134"]
[PlyCount "51"]
[EventDate "2025.03.29"]
[EventType "swiss"]
[EventCountry "GRE"]
[SourceTitle "playchess.com"]
[Source "ChessBase"]
[SourceQuality "1"]
[TimeControl "40/5400+30:1800+30"]

1. e4 e6 2. d4 d5 3. e5 c5 4. c3 Nc6 5. Nf3 Bd7 6. a3 f6 7. Bd3 Qc7 8. Bf4 c4 9. Bc2 O-O-O 10. Bg3 Qb6 11. Qc1 Nh6 12. Nbd2 Nf7 13. exf6 gxf6 14. b3 Qa5 15. Bd1 e5 16. bxc4 exd4 17. O-O Bh6 18. cxd4 Be6 19. cxd5 Bxd5 20. Qc2 Rd7 21. Nc4 Qd8 22. Ne3 Be6 23. Be2 Ng5 24. Nxg5 Bxg5 25. d5 Bxe3 26. dxc6 1-0

[Event "European Womens-ch 2025"]
[Site "Rhodes"]
[Date "2025.04.07"]
[Round "7.36"]
[White "Sieber, Fiona"]
[Black "Heinatz, Gundula"]
[Result "1-0"]
[Annotator "RC"]
[ECO "C13"]
[WhiteElo "2276"]
[BlackElo "2111"]
[PlyCount "109"]
[EventDate "2025.03.29"]
[EventType "swiss"]
[EventCountry "GRE"]
[SourceTitle "playchess.com"]
[Source "ChessBase"]
[SourceQuality "1"]
[TimeControl "40/5400+30:1800+30"]

1. e4 e6 2. d4 d5 3. Nc3 Nf6 4. Bg5 dxe4 5. Nxe4 Be7 6. Nxf6+ Bxf6 7. Bxf6 Qxf6 8. Nf3 Bd7 9. Qd3 Nc6 10. O-O-O O-O-O 11. Qe3 Qh6 12. Qxh6 gxh6 13. Bc4 Rhg8 14. g3 Na5 15. Be2 Bc6 16. b3 Be4 17. Rhe1 Nc6 18. c3 Ne7 19. Ne5 Bg6 20. Bf3 h5 21. h4 Nd5 22. Kb2 Nf6 23. b4 Rd6 24. a4 Rgd8 25. Kb3 Nd5 26. b5 Ne7 27. Nc4 R6d7 28. Ne5 Rd6 29. a5 a6 30. Nc4 axb5 31. Nxd6+ Rxd6 32. Re5 c6 33. Bxh5 f6 34. Bxg6 fxe5 35. Bxh7 c5 36. Be4 exd4 37. cxd4 e5 38. d5 Nc6 39. Rh1 Nd4+ 40. Kc3 Rf6 41. Rh2 Kc7 42. h5 b4+ 43. Kc4 Nf3 44. Bxf3 Rxf3 45. Kxc5 b3 46. d6+ Kd7 47. Rh4 Rxf2 48. Rb4 b2 49. Kd5 Rd2+ 50. Kxe5 Re2+ 51. Kf4 Kxd6 52. Rxb7 Kc5 53. a6 Kc6 54. Rb8 Rf2+ 55. Kg5 1-0

[Event "European Womens-ch 2025"]
[Site "Rhodes"]
[Date "2025.04.07"]
[Round "7.37"]
[White "Deak-Sala, Emilia"]
[Black "Allahverdiyeva, Ayan"]
[Result "0-1"]
[Annotator "RC"]
[ECO "B90"]
[WhiteElo "2112"]
[BlackElo "2266"]
[PlyCount "67"]
[EventDate "2025.03.29"]
[EventType "swiss"]
[EventCountry "GRE"]
[SourceTitle "playchess.com"]
[Source "ChessBase"]
[SourceQuality "1"]
[TimeControl "40/5400+30:1800+30"]

1. e4 c5 2. Nf3 d6 3. d4 cxd4 4. Nxd4 Nf6 5. Nc3 a6 6. Bd3 g6 7. Nb3 Bg7 8. f3 Be6 9. Be3 Nc6 10. Qd2 h5 11. O-O-O Nb4 12. Kb1 Nxd3 13. Qxd3 Rc8 14. Bd4 O-O 15. Qd2 a5 16. Nd5 a4 17. Nc1 Nxd5 18. Bxg7 Kxg7 19. exd5 Bf5 20. Qd4+ Kg8 21. Nd3 b5 22. g4 hxg4 23. fxg4 Rc4 24. Qf2 Bxg4 25. Rdg1 Qd7 26. b3 axb3 27. axb3 Re4 28. Rg3 Re2 29. Qf4 Qa7 30. Qc1 Bf5 31. Rf1 Be4 32. Rh3 Qd4 33. Re1 Ra8 34. Qb2 0-1

[Event "European Womens-ch 2025"]
[Site "Rhodes"]
[Date "2025.04.07"]
[Round "7.38"]
[White "Wikar, Martyna"]
[Black "Vidic, Teja"]
[Result "1-0"]
[Annotator "RC"]
[ECO "C48"]
[WhiteElo "2239"]
[BlackElo "2100"]
[PlyCount "81"]
[EventDate "2025.03.29"]
[EventType "swiss"]
[EventCountry "GRE"]
[SourceTitle "playchess.com"]
[Source "ChessBase"]
[SourceQuality "1"]
[TimeControl "40/5400+30:1800+30"]

1. e4 e5 2. Nf3 Nc6 3. Nc3 Nf6 4. Bb5 Nd4 5. O-O Nxb5 6. Nxb5 c6 7. Nc3 d6 8. d4 Qc7 9. Bg5 Be7 10. h3 h6 11. Bxf6 Bxf6 12. d5 O-O 13. a4 a5 14. Qd3 Bd7 15. Rfd1 Rfd8 16. Nd2 Rac8 17. Nf1 Be7 18. Ne3 Bf8 19. Rd2 h5 20. Rad1 g6 21. Qe2 Qb6 22. Nc4 Qc5 23. dxc6 Bxc6 24. b3 Kg7 25. Rd3 Be7 26. Qd2 Rd7 27. Nd5 Bd8 28. Nce3 Qa7 29. Nf5+ gxf5 30. Rg3+ Kh7 31. Qe2 Kh6 32. Rg8 f6 33. exf5 Rg7 34. Rh8+ Rh7 35. Rxh7+ Kxh7 36. Qxh5+ Kg7 37. Qg6+ Kf8 38. Nxf6 Bc7 39. Qg8+ Ke7 40. Qg7+ Kd8 41. Qf8+ 1-0

[Event "European Womens-ch 2025"]
[Site "Rhodes"]
[Date "2025.04.07"]
[Round "7.39"]
[White "Hapala, Elisabeth"]
[Black "Lehaci, Miruna-Daria"]
[Result "1/2-1/2"]
[Annotator "RC"]
[ECO "C08"]
[WhiteElo "2092"]
[BlackElo "2212"]
[PlyCount "49"]
[EventDate "2025.03.29"]
[EventType "swiss"]
[EventCountry "GRE"]
[SourceTitle "playchess.com"]
[Source "ChessBase"]
[SourceQuality "1"]
[TimeControl "40/5400+30:1800+30"]

1. e4 e6 2. d4 d5 3. Nd2 c5 4. exd5 exd5 5. Ngf3 Nc6 6. Bb5 cxd4 7. Qe2+ Qe7 8. Ne5 Bd7 9. Bxc6 bxc6 10. O-O Kd8 11. Re1 f6 12. Ndf3 fxe5 13. Nxe5 Kc7 14. Qa6 Qb4 15. Bf4 Bd6 16. Nd3 Qb6 17. Bxd6+ Kxd6 18. Qa3+ Kc7 19. Ne5 Nf6 20. Qg3 Kc8 21. Nf7 Rg8 22. Nd6+ Kd8 23. Nf7+ Kc8 24. Nd6+ Kd8 25. Nf7+ 1/2-1/2